 Dungeon Crawl Stone Soup version 0.31-a0-965-g8a8ce12e04 (webtiles) character file.

Game seed: 15202097492955930881

207 night the Ruffian (level 5, -2/40 HPs)
             Began as a Draconian Shapeshifter on Oct 26, 2023.
             Slain by a sky beast (6 damage)
             ... on level 3 of the Dungeon.
             The game lasted 00:04:52 (2362 turns).

night the Ruffian (Draconian Shapeshifter)          Turns: 2362, Time: 00:04:52

Health: -2/40      AC:  5    Str: 14 (16) XL:     5   Next: 54%
Magic:  5/5        EV: 12    Int:  7 (10) God:
Gold:   191        SH:  0    Dex:  9 (11) Spells: 4/4 levels left

rFire   . .          .
                       - Unarmed
rCold   . . .        (no shield)
rNeg    . . .        (body armour unavailable)
rPois   .            (helmet currently unavailable)
rElec   .            (cloak currently unavailable)
rCorr   .            (gloves currently unavailable)
SInv    .            (boots currently unavailable)
Will    .....        (no amulet)
Stlth   ++           (no ring)
HPRegen 0.26/turn    (no ring)
MPRegen 0.09/turn

%: clarity
@: beast-form
A: beast (slay +2), AC +5, unfitting armour, cold-blooded, camouflage 1,
clarity, dopey 1
a: Begin Untransformation


You were on level 3 of the Dungeon.
You were a hulking beast.
You visited 1 branch of the dungeon, and saw 3 of its levels.

You collected 191 gold pieces.

Inventory:

Missiles
 e - 18 stones (quivered)
 p - 5 atropa-tipped darts
Jewellery
 h - a +6 ring of dexterity
Talismans
 b - a beast talisman
 c - a flux talisman
Wands
 r - a wand of flame (19)
Scrolls
 d - 2 scrolls of teleportation
 n - 2 scrolls of identify {unknown}
 o - a scroll of poison {unknown}
 q - a scroll of revelation
Potions
 a - a potion of lignification
 f - 3 potions of mutation
 g - a potion of attraction
 i - a potion of haste
 j - a potion of resistance
 m - a potion of curing


   Skills:
 - Level 1.1 Fighting
 - Level 1.7 Dodging
 * Level 5.4 Unarmed Combat
 + Level 4.2 Shapeshifting


You had 4 spell levels left.
You didn't know any spells.
Your spell library was empty.

Dungeon Overview and Level Annotations

Branches:
Dungeon (3/15)

Altars:


Innate Abilities, Weirdness & Mutations

You are a hulking beast.
Your limbs bulge with bestial killing power. (Slay +2)
Your plain brown scales are hard. (AC +5)
You cannot fit into any form of body armour.
You are cold-blooded and may be slowed by cold attacks.
Your skin changes colour to match your surroundings (Stealth+).
You possess an exceptional clarity of mind.
You are dopey. (Int -2)


Message History

The sky beast attacks as it pursues you!
The sky beast closely misses you.
It was a potion of curing.
You feel better.
It was a potion of degeneration.
There was something very wrong with that liquid.
You feel weakened.
You feel dopey.
You feel clumsy. The sky beast closely misses you.
It was a potion of heal wounds.
You feel much better. The sky beast closely misses you.
You punch the sky beast!
The sky beast is moderately wounded.
The sky beast closely misses you.
You hit the sky beast.
Your tail-slap misses the sky beast.
The sky beast is heavily wounded.
The sky beast hits you but does no damage.
You hit the sky beast.
Your tail-slap misses the sky beast.
The sky beast is severely wounded.
The sky beast flickers out of sight!
Deactivating autopickup; reactivate with Ctrl-A.
Something hits you but does no damage.
You closely miss something. Something hits you. Something shocks you.
You miss something. Something hits you. Something shocks you.
You miss something. Something hits you but does no damage.
You miss something.
Your tail-slap misses something.
Something hits you. Something shocks you.
You hit something but do no damage. Something hits you. Something shocks you.
* * * LOW HITPOINT WARNING * * *
You miss something. Something hits you but does no damage.
You hit something. You miss something. Your punch misses something.
A sky beast appears from thin air!
Reactivating autopickup.
The sky beast hits you.
* * * LOW HITPOINT WARNING * * *
The sky beast shocks you.
* * * LOW HITPOINT WARNING * * *
You feel better. The sky beast hits you.
* * * LOW HITPOINT WARNING * * *
The sky beast shocks you.
You die...

#...... .#.#...###...
..##.##.....#........
#... ##.#...#.# #....#
#... #.#. ....(....
#.#..# #..
#...###.#...#.###....#
#.# #.....##.##........#
##.#
#.#.........#..#..###...
#.....#Y#..............#
##..#.#h#.#.#.##..###...
#....###.....##..# #.##
#.##......##.##..###.#
#..##.#.........<....##
##.##....#.##..........
#.............#.######
##.##...#.###.#.#
#.##...........#
#.###..#.#.###.#


You could see a sky beast.

Vanquished Creatures
  Terence (D:2)
  Natasha (thrice) (D:3)
  5 adders
  3 worms
  9 endoplasms
  2 giant cockroaches
  6 hobgoblins
  A jackal (D:3)
  2 quokkas
  6 ball pythons
  4 bats
  3 frilled lizards
  8 goblins
  2 kobolds
  3 rats
58 creatures vanquished.

Notes
Turn   | Place    | Note
-------+----------+-------------------------------------------
     0 | D:1      | night the Draconian Shapeshifter began the quest for the
                  | Orb.
     0 | D:1      | Reached XP level 1. HP: 16/16 MP: 1/1
   173 | D:1      | Reached XP level 2. HP: 19/23 MP: 2/2
   980 | D:2      | Reached XP level 3. HP: 15/28 MP: 3/3
  1248 | D:2      | Reached skill level 4 in Unarmed Combat
  1399 | D:2      | Noticed Terence
  1404 | D:2      | Gained mutation: You possess an exceptional clarity of
                  | mind. [potion of mutation]
  1404 | D:2      | Gained mutation: You are dopey. (Int -2) [potion of
                  | mutation]
  1404 | D:2      | Gained mutation: Your skin changes colour to match your
                  | surroundings (Stealth+). [potion of mutation]
  1417 | D:2      | Killed Terence
  1418 | D:2      | Reached XP level 4. HP: 30/35 MP: 4/4
  2105 | D:3      | Noticed Natasha
  2116 | D:3      | Killed Natasha
  2117 | D:3      | Reached skill level 5 in Unarmed Combat
  2117 | D:3      | Reached XP level 5. HP: 19/40 MP: 5/5
  2143 | D:3      | Noticed Natasha
  2148 | D:3      | Killed Natasha
  2225 | D:3      | Noticed Natasha
  2235 | D:3      | Killed Natasha
  2295 | D:3      | Noticed a sky beast
  2361 | D:3      | HP: 6/40 [sky beast (4)]
  2361 | D:3      | HP: 1/40 [sky beast (5)]
  2362 | D:3      | Slain by a sky beast

Illustrated notes

Levels and vault maps discovered:
D:1:      dpeg_arrival_lava_temple_mockup, layout_loops_ring, kennysheep_boxes
D:2:      layout_loops_ring, uniq_terence
D:3:      layout_loops_ring, grunt_temple_overflow_opulence,
          minmay_fractal_squares_5, uniq_natasha

Skill      XL: |  1  2  3  4 |
---------------+-------------+-----
Unarmed Combat | 4 5 |  5.4
Shapeshifting  | 4 |  4.2
Fighting       | |  1.1
Dodging        | |  1.7

Action                     |  1- 3 |  4- 6 || total
---------------------------+-------+-------++-------
  Melee: Unarmed           |   101 |    73 ||   174
         Tailslap          |     9 |     3 ||    12
         Punch             |     1 |     1 ||     2
  Throw: Stone             |       |     6 ||     6
    Use: Scroll            |     5 |       ||     5
         Potion            |     4 |     4 ||     8
   Stab: Sleeping          |       |     3 ||     3
 Armour: Skin              |    45 |    39 ||    84
  Dodge: Dodged            |    42 |    31 ||    73

Table legend: (Time is in decaauts)
 A = Elapsed time spent in this place.
 B = Non-inter-level travel time spent in this place.
 C = Inter-level travel time spent in this place.
 D = Time resting spent in this place.
 E = Time spent auto-exploring this place.
 F = Levels seen in this place.
 G = Mean time per level.
                   A        B        C        D        E       F      G
               +--------+--------+--------+--------+--------+-----+--------+
         Total |   2339 |   2296 |     43 |     76 |   1749 |   3 |  779.7 |
       Dungeon |   2339 |   2296 |     43 |     76 |   1749 |   3 |  779.7 |
               +--------+--------+--------+--------+--------+-----+--------+

Top non-repeatable levels by time:
     D:1: 964 daAuts
     D:2: 762 daAuts
     D:3: 612 daAuts
